 Dungeon Sprint DCSS version 0.22-a0-479-gc6e99f3 (webtiles) character file.

14170 galech the Bludgeoner (level 12, -5/136 (137) HPs)
             Began as an Ogre Berserker on June 14, 2018.
             Was the Champion of Trog.
             Slain by a blink frog (17 damage)
             ... in the Dungeon (Sprint III: "The Ten Rune Challenge").
             The game lasted 00:10:24 (3389 turns).

galech the Bludgeoner (Ogre Berserker)              Turns: 3389, Time: 00:10:24

HP:   -5/136 (137)  AC:  3    Str: 32    XL:     12   Next: 13%
MP:   4/4           EV: 14    Int:  8    God:    Trog [******]
Gold: 1511          SH:  0    Dex:  8    Spells: 11/11 levels left

rFire    . . .     SeeInvis .   e - +12 giant spiked club (antimagic)
rCold    + . .     Gourm    .   (shield currently unavailable)
rNeg     + . .     Faith    .   u - +0 robe {MR+}
rPois    .         Spirit   .   (helmet restricted)
rElec    .         Reflect  .   (no cloak)
rCorr    .         Harm     .   (gloves unavailable)
MR       +++++     NoTele   +   (boots unavailable)
Stlth    +++.......             (no amulet)
HPRegen  1.32/turn              j - ring of positive energy
MPRegen  0.09/turn              (no ring)

@: berserk cooldown, very slightly contaminated, regenerating, slowed, very slow
A: large, unfitting armour, cold resistance 1, frail 1, magic resistance 1,
strong 2, tough skin 1, sturdy frame 1
a: Berserk, Trog's Hand, Brothers in Arms, Renounce Religion


You were in the Dungeon.
You worshipped Trog.
Trog was exalted by your worship.
You were very hungry.

You visited 1 branch You collected 1511 gold pieces.

Inventory:

Hand Weapons
 a - a +0 mace
 d - the +5 giant spiked club of Perversion {flame, -Tele rElec rC+ Str+3}
   (Trog gifted it to you in the Dungeon)

   It has been specially enchanted to burn those struck by it, causing extra
   injury to most foes and up to half again as much damage against particularly
   susceptible opponents.
   It affects your strength (+3).
   It protects you from cold.
   It insulates you from electricity.
   It prevents most forms of teleportation.
 e - a +12 antimagic giant spiked club (weapon)
Armour
 b - a +0 animal skin
 u - a +0 robe of magic resistance (worn)
Jewellery
 j - a ring of positive energy (left hand)
Wands
 r - a wand of random effects (17)
Scrolls
 k - 4 scrolls of identify
 m - 2 scrolls of holy word {unknown}
 n - a scroll of enchant weapon {unknown}
 p - 2 scrolls of remove curse
Potions
 f - a potion of haste
 g - 2 potions of magic
 h - a potion of berserk rage
 o - 4 potions of flight
 q - a potion of mutation
Miscellaneous
 l - a lightning rod (4/4)
Comestibles
 c - a ration


   Skills:
 + Level 18.8 Fighting
 + Level 19.1 Maces & Flails
 + Level 11.5 Dodging
 + Level 5.2 Stealth
 + Level 2.0 Evocations


You had 11 spell levels left.
You didn't know any spells.
Your spell library was empty.

Dungeon Overview and Level Annotations

Branches:
Dungeon (1/1)

Altars:
Cheibriados
Dithmenos
Elyvilon
Fedhas
Gozag
Hepliaklqana
Kikubaaqudgha
Makhleb
Nemelex Xobeh
Okawaru
Qazlal
Ru
Sif Muna
Trog
Uskayaw
Vehumet
Wu Jian
Xom
Yredelemnul
Zin
The Shining One
Beogh
Jiyva
Lugonu

Shops:
D [


Innate Abilities, Weirdness & Mutations

You are too large for most types of armour.
You have tough skin. (AC +1)
Your flesh is cold resistant. (rC+)
You are frail. (-10% HP)
You are resistant to hostile enchantments. (MR+)
Your muscles are very strong. (Str +4)
Your movements are slightly less encumbered by armour. (ER -2)


Message History

The blink frog blinks!
The death yak gores you!
* * * LOW HITPOINT WARNING * * *
The blink frog barely misses you. The blink frog hits you!
* * * LOW HITPOINT WARNING * * *
There is an open door here.
You barely miss the blink frog. The blink frog barely misses you.
The death yak gores you!!
* * * LOW HITPOINT WARNING * * *
The death yak snorts and paws the ground.
A black mamba comes into view.
Unknown command.
Blink to where?
Press: ? - help, Dir - move target cursor You are very lightly contaminated with residual magic.
As you read the scroll of blinking, it crumbles to dust.
There is an open door here.
You enter the shallow water.
Moving in this stuff is going to be slow.
The blink frog hits you!
You die...

##..##....#......#)###__#
#..###..##.#.....#.::#__#
#..# #..#####....#___#__'
▓▓▓▓▓▓▓▓▓▓▓▓▓▓▓▓▓▓▓▓▓▓▓▓▓
+≈≈≈≈.≈≈≈≈♣♣.....♣♣♣♣ *
#.≈§§§§§≈≈♣♣.≈≈≈≈'♣♣†
#≈≈≈§§§≈≈≈≈'.....#.≈♣ ,
#≈≈§§§§§≈≈♣♣♣♣♣♣♣#..♣
#≈≈≈@≈§≈≈≈♣ ###+
#+####F#######♣
...........).Y.♣♣
#+#############'♣
..S...YY..♣ ...########


You could see a blink frog.

Vanquished Creatures
  Rupert (D)
  Dowan (D)
  Erolcha (D)
  A death yak (D)
  A deep elf knight (D)
  An orc knight (D)
  5 deep elf magi (D)
  An orc sorcerer (D)
  Duvessa (D)
  2 spiny frogs (D)
  A komodo dragon (D)
  A rime drake (D)
  3 wandering mushrooms (D)
  4 orc high priests (D)
  5 blink frogs (D)
  2 redbacks (D)
  A shadow (D)
  A spatial vortex (D)
  A swamp drake (D)
  A necrophage (D)
  5 two-headed ogres (D)
  A water elemental (D)
  7 orc priests (D)
  A jelly (D)
  A wizard (D)
  A necromancer (D)
  3 humans (D)
  A kobold demonologist (D)
  A wolf (D)
  An ooze (D)
  8 orcs (D)
  3 rats (D)
  3 plants (D)
71 creatures vanquished.

Vanquished Creatures (others)
  2 draconian scorchers (D)
  6 hellions (D)
  2 yaktaurs (D)
  An orc high priest (D)
  12 plants (D)
23 creatures vanquished.

Grand Total: 94 creatures vanquished

Notes
Turn   | Place    | Note
-------+----------+-------------------------------------------
     0 | D        | galech the Ogre Berserker began the quest for the Orb.
     0 | D        | Reached XP level 1. HP: 24/24 MP: 1/1
     9 | D        | Reached skill level 3 in Maces & Flails
    33 | D        | Reached ** piety under Trog
    45 | D        | Reached XP level 2. HP: 33/33 MP: 2/2
    59 | D        | Reached skill level 5 in Fighting
    59 | D        | Reached skill level 4 in Maces & Flails
    63 | D        | Reached XP level 3. HP: 29/44 MP: 3/3
   126 | D        | Killed a white draconian scorcher
   130 | D        | Killed a hellion
   131 | D        | Killed a hellion
   132 | D        | Killed a hellion
   133 | D        | Killed a hellion
   178 | D        | Killed a hellion
   179 | D        | Killed a hellion
   179 | D        | Killed a white draconian scorcher
   248 | D        | Gained mutation: Your body sometimes deteriorates upon taking damage. [potion of mutation]
   248 | D        | Gained mutation: You possess an exceptional clarity of mind. [potion of mutation]
   249 | D        | Lost mutation: Your body sometimes deteriorates upon taking damage. [potion of mutation]
   249 | D        | Lost mutation: You possess an exceptional clarity of mind. [potion of mutation]
   249 | D        | Gained mutation: You passively map a small area around you. [potion of mutation]
   249 | D        | Gained mutation: You are somewhat resistant to further mutation. [potion of mutation]
   250 | D        | Lost mutation: You passively map a small area around you. [potion of mutation]
   250 | D        | Lost mutation: You are somewhat resistant to further mutation. [potion of mutation]
   250 | D        | Gained mutation: You tend to lose your temper in combat. [potion of mutation]
   250 | D        | Gained mutation: You expend magic power (3 MP) to strengthen your wands. [potion of mutation]
   250 | D        | Gained mutation: You are dopey. (Int -2) [potion of mutation]
   250 | D        | Lost mutation: You tend to lose your temper in combat. [potion of mutation]
   251 | D        | Lost mutation: You are dopey. (Int -2) [potion of mutation]
   251 | D        | Lost mutation: You expend magic power (3 MP) to strengthen your wands. [potion of mutation]
   251 | D        | Gained mutation: Your magical capacity is low. (-10% MP) [potion of mutation]
   251 | D        | Gained mutation: Your muscles are strong. (Str +2) [potion of mutation]
   251 | D        | Gained mutation: Your flesh is cold resistant. (rC+) [potion of mutation]
   251 | D        | Gained mutation: Your system is resistant to poisons. (rPois) [potion of mutation]
   252 | D        | Lost mutation: Your magical capacity is low. (-10% MP) [potion of mutation]
   252 | D        | Lost mutation: Your system is resistant to poisons. (rPois) [potion of mutation]
   252 | D        | Gained mutation: You are frail. (-10% HP) [potion of mutation]
   252 | D        | Gained mutation: Your muscles are very strong. (Str +4) [potion of mutation]
   252 | D        | Gained mutation: Your movements are slightly less encumbered by armour. (ER -2) [potion of mutation]
   252 | D        | Gained mutation: You are resistant to hostile enchantments. (MR+) [potion of mutation]
   266 | D        | Noticed a water elemental
   271 | D        | Killed a water elemental
   271 | D        | Reached *** piety under Trog
   271 | D        | Reached skill level 5 in Maces & Flails
   271 | D        | Reached skill level 5 in Dodging
   271 | D        | Reached XP level 4. HP: 41/49 MP: 4/4
   285 | D        | Killed a yaktaur
   399 | D        | Found a radiant altar of Vehumet.
   399 | D        | Found a deep blue altar of Sif Muna.
   399 | D        | Found an ancient bone altar of Kikubaaqudgha.
   399 | D        | Noticed a wizard
   403 | D        | Killed a wizard
   403 | D        | Reached skill level 6 in Maces & Flails
   403 | D        | Reached XP level 5. HP: 56/56 MP: 5/5
   407 | D        | Reached **** piety under Trog
   407 | D        | Reached skill level 1 in Stealth
   472 | D        | Found a glowing silver altar of Zin.
   472 | D        | Found a glowing golden altar of the Shining One.
   472 | D        | Found a white marble altar of Elyvilon.
   473 | D        | Noticed a deep elf mage
   483 | D        | Killed a deep elf mage
   483 | D        | Reached skill level 9 in Maces & Flails
   483 | D        | Reached XP level 6. HP: 72/72 MP: 6/6
   483 | D        | Reached XP level 7. HP: 79/79 MP: 7/7
   555 | D        | Found a hide-covered altar of Uskayaw.
   555 | D        | Found a roughly hewn altar of Beogh.
   555 | D        | Found an iron altar of Okawaru.
   555 | D        | Found a bloodstained altar of Trog.
   555 | D        | Found an ornate altar of the Wu Jian Council.
   555 | D        | Noticed a human
   555 | D        | Noticed a human
   560 | D        | Killed a human
   560 | D        | Reached skill level 10 in Maces & Flails
   566 | D        | Killed a human
   609 | D        | Found a basalt altar of Yredelemnul.
   609 | D        | Found a shadowy altar of Dithmenos.
   609 | D        | Found a sacrificial altar of Ru.
   613 | D        | Reached ***** piety under Trog
   613 | D        | Reached XP level 8. HP: 88/88 MP: 8/8
   673 | D        | Noticed a shadow
   680 | D        | Killed a shadow
   680 | D        | Reached skill level 11 in Maces & Flails
   843 | D        | Found a blossoming altar of Fedhas.
   843 | D        | Found a stormy altar of Qazlal.
   843 | D        | Found a snail-covered altar of Cheibriados.
   843 | D        | Found a burning altar of Makhleb.
   843 | D        | Found a shimmering altar of Xom.
   844 | D        | Found a hazy altar of Hepliaklqana.
   844 | D        | Found an opulent altar of Gozag.
   844 | D        | Found a sparkling altar of Nemelex Xobeh.
   844 | D        | Found a corrupted altar of Lugonu.
   844 | D        | Found a viscous altar of Jiyva.
   875 | D        | Received a gift from Trog
  1024 | D        | Noticed a two-headed ogre
  1031 | D        | Killed a two-headed ogre
  1031 | D        | Reached skill level 12 in Maces & Flails
  1031 | D        | Reached XP level 9. HP: 99/99 MP: 9/9
  1141 | D        | Noticed a two-headed ogre
  1141 | D        | Noticed Erolcha
  1144 | D        | Killed a two-headed ogre
  1163 | D        | Killed Erolcha
  1163 | D        | Received a gift from Trog
  1163 | D        | Reached skill level 13 in Maces & Flails
  1163 | D        | Reached skill level 1 in Evocations
  1550 | D        | Noticed a wandering mushroom
  1563 | D        | Killed a wandering mushroom
  1563 | D        | Reached skill level 14 in Maces & Flails
  1604 | D        | Noticed a wandering mushroom
  1606 | D        | Noticed a wandering mushroom
  1628 | D        | Reached skill level 15 in Fighting
  1628 | D        | Reached XP level 10. HP: 43/111 MP: 11/11
  1880 | D        | Noticed a spiny frog
  1880 | D        | Noticed a spiny frog
  1901 | D        | Noticed Dowan
  1902 | D        | Noticed Duvessa
  1909 | D        | Killed Dowan
  1909 | D        | Received a gift from Trog
  1909 | D        | Reached skill level 15 in Maces & Flails
  1909 | D        | Reached skill level 10 in Dodging
  1919 | D        | Killed Duvessa
  1919 | D        | Reached ****** piety under Trog
  1922 | D        | Got a bloodstained giant spiked club {god gift}
  1923 | D        | Identified the +5 giant spiked club of Perversion {flame, -Tele rElec rC+ Str+3} (Trog gifted it to you in the Dungeon)
  2149 | D        | Noticed an orange demon
  2153 | D        | Noticed an orange demon
  2169 | D        | Noticed a smoke demon
  2371 | D        | Noticed an orc knight
  2385 | D        | Killed an orc knight
  2401 | D        | Noticed an orc high priest
  2419 | D        | Killed an orc high priest
  2419 | D        | Reached skill level 16 in Maces & Flails
  2429 | D        | Received a gift from Trog
  2431 | D        | Noticed an orc high priest
  2507 | D        | Noticed an orc sorcerer
  2534 | D        | Killed an orc sorcerer
  2534 | D        | Reached XP level 11. HP: 109/122 MP: 6/12
  2585 | D        | Killed an orc high priest
  2586 | D        | Found a roughly hewn altar of Beogh.
  2586 | D        | Found Paemeaba's Antique Armour Shoppe.
  2618 | D        | Noticed a deep elf mage
  2618 | D        | Noticed a deep elf mage
  2618 | D        | Noticed a deep elf mage
  2618 | D        | Noticed a deep elf knight
  2618 | D        | Noticed a deep elf mage
  2632 | D        | Killed a deep elf knight
  2632 | D        | Received a gift from Trog
  2632 | D        | Reached skill level 17 in Maces & Flails
  2633 | D        | Killed a deep elf mage
  2635 | D        | Killed a deep elf mage
  2655 | D        | Killed a deep elf mage
  2705 | D        | Killed a deep elf mage
  2705 | D        | Received a gift from Trog
  2796 | D        | Noticed a deep elf annihilator
  2796 | D        | Noticed a deep elf annihilator
  2796 | D        | Noticed a deep elf death mage
  2798 | D        | Noticed a deep elf demonologist
  2798 | D        | Noticed a deep elf high priest
  2860 | D        | Reached skill level 18 in Maces & Flails
  3013 | D        | Received a gift from Trog
  3357 | D        | Noticed Rupert
  3367 | D        | Killed Rupert
  3367 | D        | Reached skill level 5 in Stealth
  3367 | D        | Reached XP level 12. HP: 135/135 MP: 4/13
  3375 | D        | Noticed a death yak
  3376 | D        | Noticed a death yak
  3377 | D        | Noticed a death yak
  3377 | D        | Noticed a death yak
  3381 | D        | Killed a death yak
  3381 | D        | Received a gift from Trog
  3381 | D        | Reached skill level 19 in Maces & Flails
  3386 | D        | HP: 5/136 [death yak (20)]
  3389 | D        | Slain by a blink frog

Vault maps used:
D:        dungeon_sprint_mu

Skill      XL: |  1  2  3  4  5  6  7  8  9 10 11 12 |
---------------+-------------------------------------+-----
Maces & Flails | 3 4 5 6 9 10 12 14 16 18 19 | 19.1
Dodging        | 3 4 5 7 8 9 10 11 | 11.5
Fighting       | 6 7 11 12 13 15 16 18 | 18.8
Stealth        | 1 2 3 4 5 |  5.2
Evocations     | 1 2 |  2.0

Action                   |  1- 3 |  4- 6 |  7- 9 | 10-12 || total
-------------------------+-------+-------+-------+-------++-------
Melee: Mace              |    23 |    14 |    37 |       ||    74
       Giant spiked club |       |       |    25 |   120 ||   145
Invok: Berserk           |     2 |     2 |     8 |     5 ||    17
       Trog's Hand       |       |       |     2 |     2 ||     4
Evoke: Lightning rod     |       |       |     3 |       ||     3
  Use: Potion            |     5 |       |     2 |       ||     7
       Scroll            |       |       |       |     1 ||     1
 Stab: Sleeping          |     1 |       |     1 |     2 ||     4
  Eat: Ration            |       |     1 |     1 |     1 ||     3
       Chunk             |       |       |     8 |     6 ||    14
Armor: Animal skin       |     4 |     1 |     2 |     4 ||    11
       Robe              |       |       |       |     1 ||     1
Dodge: Dodged            |    12 |     4 |    27 |    51 ||    94

Table legend:
 A = Spawn XP
 B = Non-spawn XP
 C = Spawn XP percentage of total XP
 D = Spawn monster count
 E = Non-spawn monster count
 F = Spawn count percentage of total count
 G = Total turns spent on level
                    A         B        C        D         E        F      G
               +---------+---------+-------+---------+---------+-------+---------
         Total |       0 |   20243 |   0.0 |       0 |      68 |   0.0 |  3389
               +---------+---------+-------+---------+---------+-------+---------
             D |       0 |   20243 |   0.0 |       0 |      68 |   0.0 |  3389
               +---------+---------+-------+---------+---------+-------+---------
